Cogmind - Beta 15 @@@ ROGUE MODE // 2025.05.10 @ 21:29:51 Player: CRS Result: Destroyed by Piercing Trap Performance ------------- Evolutions (0) 0 Regions Visited (3) 600 Robots Destroyed (10) 50 Value Destroyed (299) 299 Prototype IDs (0) 0 Alien Tech Used (0) 0 Bonus (0) 0 TOTAL SCORE: 949 Bonus ------- None Cogmind --------- Core Integrity 0/250 Matter 400/400 Energy 121/125 System Corruption 0% Temperature Cool (2) Movement Treading (160) Location -10/Subcaves Parts ------- > --- POWER (1) -------- Light Ion Engine > --- PROPULSION (2) --- Light Treads Light Treads > --- UTILITY (2) ------ Large Storage Unit Medium Matter Pod > --- WEAPON (2) ------- Subdweller Laser Light Assault Rifle > --- INVENTORY (15) --- Ion Engine Ion Engine Subdweller Power Source Aluminum Leg Aluminum Leg Wheel Compact Wheel Small Storage Unit Large Storage Unit Scrap Shield Peak State ------------ > --- POWER ------------ Light Ion Engine > --- PROPULSION ------- Light Treads Light Treads > --- UTILITY ---------- Large Storage Unit Medium Matter Pod > --- WEAPON ----------- Subdweller Laser Light Assault Rifle > --- INVENTORY -------- Ion Engine Ion Engine Subdweller Power Source Aluminum Leg Aluminum Leg Wheel Compact Wheel Small Storage Unit Large Storage Unit Scrap Shield [Rating: 9] Favorites ----------- Power Ion Engine Engine Ion Engine Propulsion Aluminum Leg Treads Light Treads Leg Aluminum Leg Utility Large Storage Unit Storage Large Storage Unit Protection Light Armor Plating Weapon Light Assault Rifle Energy Gun Medium Laser Ballistic Gun Light Assault Rifle Build | -11 -10 -10 -10 ------- Run | Yrd Mat Min Sub Slots Evolved . | . . . . Power . | . . . . Propulsion . | . . . . Utility . | . . . . Weapon . | . . . . Parts Attached 16 | 6 2 1 7 Power 2 | 1 . . 1 Engine 2 | 1 . . 1 Core . | . . . . Reactor . | . . . . Propulsion 4 | 2 . . 2 Treads 2 | . . . 2 Leg 2 | 2 . . . Wheel . | . . . . Hover . | . . . . Flight . | . . . . Utility 4 | 1 2 . 1 Device . | . . . . Storage 3 | 1 1 . 1 Processor . | . . . . Hackware . | . . . . Protection 1 | . 1 . . Artifact . | . . . . Weapon 6 | 2 . 1 3 Energy Gun 2 | 1 . . 1 Energy Cannon . | . . . . Ballistic Gun 4 | 1 . 1 2 Ballistic Cannon . | . . . . Launcher . | . . . . Special Weapon . | . . . . Impact Weapon . | . . . . Slashing Weapon . | . . . . Piercing Weapon . | . . . . Special Melee Weapon . | . . . . Unidentified Prototypes . | . . . . Parts Lost 7 | . . 1 6 Power 1 | . . . 1 Propulsion 2 | . . . 2 Utility 1 | . . 1 . Weapon 3 | . . . 3 Highest Loss Streak 6 | . . 1 6 To Critical Strikes . | . . . . Average Backups 9 | 5 7 11 10 Power 1 | . 1 1 2 Propulsion 4 | 3 4 5 4 Utility 1 | . . 2 2 Weapon 1 | . 1 1 . Tool/Special . | . . . . Unused Backups 10 | . 1 . 9 Power 4 | . 1 . 3 Propulsion 4 | . . . 4 Utility 2 | . . . 2 Weapon . | . . . . Tool/Special . | . . . . Average Slot Usage (%) 93 | . 94 90 96 Engine 13 | . 14 14 13 Treads 7 | . . . 19 Leg 19 | . 28 28 6 Storage 19 | . 14 14 28 Protection 3 | . 8 5 . Energy Gun 13 | . 14 14 12 Ballistic Gun 14 | . 14 14 14 Peak Build Rating 9 | 6 7 8 9 Average Rating 7 | 3 6 7 8 On Entrance 5 | . 6 7 7 Naked Turns . | . . . . Heaviest Build 31 | 13 31 31 30 Greatest Support 40 | 20 20 20 40 Greatest Overweight (x) 2 | 1 1 1 2 Average Overweight (x) . | . . 1 . Largest Inventory Capacity 15 | 8 15 15 15 Average Capacity 13 | 7 9 15 15 Most Carried 13 | 8 9 13 12 Average Carried 10 | 5 7 11 11 Final Capacity 15 | 8 15 15 15 Final Carried 13 | 6 9 13 11 Class Distribution -------------------- 100% | Mutant Dominant Class ---------------- Mutant | -10/Materials Mutant | -10/Mines Mutant | -10/Subcaves Resources | -11 -10 -10 -10 ----------- Run | Yrd Mat Min Sub Matter Collected 484 | 223 55 86 120 Remotely . | . . . . Salvage Created 333 | . 66 153 114 Parts 20 | . 2 6 12 Haulers Intercepted . | . . . . Recyclers Shooed . | . . . . Parts Field Recycled . | . . . . Retrieved Matter . | . . . . Parts Self-Destructed 6 | . . . 6 Prevented . | . . . . Kills | -11 -10 -10 -10 ------- Run | Yrd Mat Min Sub Combat Hostiles Destroyed 10 | . 2 5 3 Guns 9 | . 2 4 3 Classes Destroyed 3 | . 1 1 1 Swarmer 3 | . . 3 . Grunt 4 | . 2 2 . Subdweller 3 | . . . 3 Best Kill Streak 2 | . 2 2 1 Combat Bots Only 2 | . 2 2 1 Max Kills in Single Turn 1 | . 1 1 1 Gunslinging . | . . . . Exploded . | . . . . Melee . | . . . . Uniques/NPCs Destroyed . | . . . . Combat | -11 -10 -10 -10 -------- Run | Yrd Mat Min Sub Hostile Shots Fired 106 | . 12 55 39 Missed 36 | . 6 19 11 Hits 70 | . 6 36 28 Projectile 70 | . 6 36 28 Damage Taken 1092 | . 67 355 670 Core 257 | . . 84 173 Absorbed by Shields . | . . . . Core Remaining (%) 100 | 100 . . . Volleys Fired 50 | . 8 19 23 Largest 2 | . 2 2 2 Hottest 80 | . 70 70 80 Shots Fired 92 | . 16 38 38 Gun 92 | . 16 38 38 Cannon . | . . . . Launcher . | . . . . Special . | . . . . Kinetic 59 | . 8 19 32 Thermal 33 | . 8 19 6 Explosive . | . . . . Electromagnetic . | . . . . Robot Hit Streak 14 | . 7 3 14 Robot Miss Streak 6 | . 1 6 2 Penetration Max . | . . . . Secondary Targets 3 | . 1 2 . Max Gunslinging Chain 1 | . 1 1 . Shots Hit Robots 49 | . 10 14 25 Core Hits 21 | . 5 7 9 Critical Kills . | . . . . Critical Parts Destroyed . | . . . . Critical Strikes 1 | . . 1 . Burn 1 | . . 1 . Melee Attacks . | . . . . Impact . | . . . . Slashing . | . . . . Piercing . | . . . . Sneak Attacks . | . . . . Combat Hostiles . | . . . . Follow-up Attacks . | . . . . Damage Inflicted 496 | . 100 163 233 Guns 496 | . 100 163 233 Cannons . | . . . . Explosions . | . . . . Melee . | . . . . Ramming . | . . . . Kinetic 292 | . 38 75 179 Thermal 204 | . 62 88 54 Explosive . | . . . . Electromagnetic . | . . . . Impact . | . . . . Slashing . | . . . . Piercing . | . . . . Highest Corruption . | . . . . Average Corruption . | . . . . Corruption Purged . | . . . . Corruption Blocked . | . . . . Overload Shots . | . . . . Overflow Damage . | . . . . Projectiles . | . . . . Explosions . | . . . . Melee . | . . . . Knockbacks . | . . . . Impact . | . . . . Kinetic . | . . . . Secondary . | . . . . Self-Inflicted Damage . | . . . . Shots . | . . . . Rammed . | . . . . Targets Rammed . | . . . . Kicked . | . . . . Crushed . | . . . . Highest Temperature 234 | . 184 234 2 Average Temperature 101 | . 82 115 1 Received Heat Transfer 297 | . 36 93 168 Siege Activations . | . . . . Martial Activations . | . . . . Shielding Activations . | . . . . Robots Disrupted . | . . . . Combat Hostiles . | . . . . Robots Corrupted . | . . . . Combat Hostiles . | . . . . Parts Fried . | . . . . Impact Corruptions . | . . . . Robots Melted 1 | . . 1 . Combat Hostiles 1 | . . 1 . Parts Melted 5 | . . 4 1 Heat Transferred 605 | . 185 333 87 Parts Sabotaged . | . . . . Parts Stolen . | . . . . Parts Stripped . | . . . . Power Chain Reactions . | . . . . Alert | -11 -10 -10 -10 ------- Run | Yrd Mat Min Sub Maximum Alert Level . | . . . . Low Security (%) 100 | 100 100 100 . Level 1 . | . . . . Level 2 . | . . . . Level 3 . | . . . . Level 4 . | . . . . Level 5 . | . . . . High Security . | . . . . Max Security . | . . . . Peak Influence 50 | . 50 50 . Initial . | . . . . Average 8 | . 7 10 . Influence Increases 170 | . 50 120 . Destroy 0b10 Robot/C 140 | . 40 100 . Destroy Leader 30 | . 10 20 . Influence Decreases 170 | . 50 120 . Time Decay 160 | . 50 110 . Lost Part 10 | . . 10 . Squads Dispatched 2 | . 2 . . Investigation . | . . . . Extermination . | . . . . Reinforcement 2 | . 2 . . Assault . | . . . . Garrison . | . . . . Intercept . | . . . . Searches Triggered . | . . . . Construction Impeded . | . . . . Haulers Reinforced . | . . . . Active Scanning Responses . | . . . . Cargo Convoy Interrupts . | . . . . Stealth | -11 -10 -10 -10 --------- Run | Yrd Mat Min Sub Distress Signals . | . . . . Communications Jammed . | . . . . Distress Signals . | . . . . Times Spotted 13 | . 5 5 3 Peak Tracking Total 3 | . 3 3 2 Tactical Retreats . | . . . . Traps | -11 -10 -10 -10 ------- Run | Yrd Mat Min Sub Traps Triggered 2 | . . . 2 Indirectly . | . . . . Trap Hack Attempts . | . . . . Triggered . | . . . . Disarmed . | . . . . Reprogrammed . | . . . . Reused . | . . . . Traps Extracted . | . . . . Installed . | . . . . Triggered . | . . . . Machines | -11 -10 -10 -10 ---------- Run | Yrd Mat Min Sub Machines Disabled . | . . . . Max in Single Turn . | . . . . Machines Repaired . | . . . . Machines Dismantled . | . . . . Machines Sabotaged . | . . . . Overloaded Fab Kills . | . . . . Hacking | -11 -10 -10 -10 --------- Run | Yrd Mat Min Sub Machines Accessed . | . . . . Terminals . | . . . . Fabricators . | . . . . Repair Stations . | . . . . Recycling Units . | . . . . Scanalyzers . | . . . . Garrison Access . | . . . . Total Hacks . | . . . . Successful . | . . . . Failed . | . . . . Catastrophic . | . . . . Database Lockouts . | . . . . Manual . | . . . . Terminals . | . . . . Fabricators . | . . . . Repair Stations . | . . . . Recycling Units . | . . . . Scanalyzers . | . . . . Garrison Access . | . . . . Terminal Hacks . | . . . . Fabricator Hacks . | . . . . Repair Station Hacks . | . . . . Recycling Unit Hacks . | . . . . Scanalyzer . | . . . . Garrison Access Hacks . | . . . . Unauthorized Hacks . | . . . . Terminals . | . . . . Fabricators . | . . . . Repair Stations . | . . . . Recycling Units . | . . . . Scanalyzers . | . . . . Garrison Access . | . . . . Data Cores Recovered . | . . . . Used . | . . . . Hacking Detections . | . . . . Full Trace Events . | . . . . Feedback Events . | . . . . Feedback Blocked . | . . . . Robot Schematics Acquired . | . . . . Robots Built . | . . . . Authchips . | . . . . Time . | . . . . Total Robot Build Rating . | . . . . Part Schematics Acquired . | . . . . Parts Built . | . . . . Authchips . | . . . . Time . | . . . . Total Part Build Rating . | . . . . Parts Repaired . | . . . . Time . | . . . . Parts Recycled . | . . . . Recycled Matter . | . . . . Retrieved Matter . | . . . . Retrieved Components . | . . . . Parts Scanalyzed . | . . . . Part Schematics Acquired . | . . . . Parts Damaged . | . . . . Bothacking | -11 -10 -10 -10 ------------ Run | Yrd Mat Min Sub Used RIF Installer . | . . . . Robots Hacked . | . . . . Non-combat . | . . . . Combat . | . . . . Robot Hacks Applied . | . . . . Relay Couplers Released . | . . . . Fabnet Peak Effective % . | . . . . Robots Rewired . | . . . . Allies Hacked . | . . . . Hacks Repelled . | . . . . Allies | -11 -10 -10 -10 -------- Run | Yrd Mat Min Sub Total Allies . | . . . . Largest Group . | . . . . Highest-Rated Group . | . . . . Highest-Rated Ally . | . . . . Total Orders . | . . . . Ally Attacks . | . . . . Total Damage . | . . . . Kills . | . . . . Allies Corrupted . | . . . . Allies Melted . | . . . . Intel | -11 -10 -10 -10 ------- Run | Yrd Mat Min Sub Active Infowar (turns) . | . . . . Robot Analysis Total . | . . . . Derelict Logs Recovered 2 | . . 1 1 Drone Launches . | . . . . Drone Recoveries . | . . . . Exploration | -11 -10 -10 -10 ------------- Run | Yrd Mat Min Sub Turns Passed 1531 | 78 319 533 601 Spaces Moved 830 | 42 217 250 321 Core 11 | 11 . . . Treads 252 | . . . 252 Legs 567 | 31 217 250 69 Wheels . | . . . . Hover . | . . . . Flight . | . . . . Fastest Speed 50 | 50 120 190 160 Average Speed 164 | 146 133 190 166 Slowest Speed 260 | 190 190 190 260 Overloaded Moves . | . . . . Propulsion Burnouts . | . . . . Robots Hopped . | . . . . Potential Cave-ins . | . . . . Cave-ins Triggered . | . . . . Exploration Rate (%) 26 | 4 30 58 14 Regions Visited 3 Branch Regions 2 Pre-discovered Areas 1 | . . 1 . Known Exits Taken . | . . . . Unknown Exits Taken 3 | 1 1 1 . Scrap Searched 1 | . . 1 . Spaces Dug . | . . . . Terrain Destroyed . | . . . . Melee . | . . . . Projectile . | . . . . AOE . | . . . . Terrain Rammed . | . . . . Walls Destroyed . | . . . . Machines Disabled . | . . . . Actions | -11 -10 -10 -10 --------- Run | Yrd Mat Min Sub Total 920 | 58 232 275 355 Wait . | . . . . Move 827 | 41 216 249 321 Hop . | . . . . Pick Up 25 | 11 5 5 4 Fast Attach 1 | 1 . . . Attach 14 | 5 1 1 7 Detach . | . . . . Swap 1 | . 1 . . Drop 2 | . 1 1 . Fire 50 | . 8 19 23 Melee . | . . . . Ram . | . . . . Kick . | . . . . Crush . | . . . . Escape Stasis . | . . . . Rewire . | . . . . Trap . | . . . . Miscellaneous . | . . . . Route ------- -11/Scrapyard -10/Materials -10/Mines -10/Subcaves History --------- Turn | Location | Event 16 | -11/Scrapyard | Discovered new exit (range 15) 79 | -11/Scrapyard | Entered Materials 306 | -10/Materials | Build established: Mutant 343 | -10/Materials | Discovered new exit (range 6) 398 | -10/Materials | Entered Mines 466 | -10/Mines | Learned location of Zion (-6) 872 | -10/Mines | Discovered new exit (range 11) 931 | -10/Mines | Entered Subcaves 963 | -10/Subcaves | Learned Materials terminal intel 1075 | -10/Subcaves | Core integrity fell below 50% 1097 | -10/Subcaves | Core integrity fell below 20% 1139 | -10/Subcaves | Lost 6 parts (1p2n3w) 1532 | -10/Subcaves | Destroyed by Piercing Trap Last Messages --------------- SX-6B7(R) destroyed. Subatomizers dissect the Disposable Heat Sink. Acquired Scrap Shield. Acquired 46 matter. Acquired Ion Engine. Acquired 27 matter. Subatomizers dissect the Disposable Heat Sink. Acquired Sub. Laser. Acquired Sub. Power Source. Subatomizers dissect the Disposable Heat Sink. Triggered Piercing Trap. Spikes shoot up from the floor. Critical hit (Impale). 2U-DEO(R): "SUBSUB!" 2U-DEO(R) destroyed. Acquired 13 matter. Subatomizers dissect the Sub. Machine Gun. Triggered Piercing Trap. Spikes shoot up from the floor. Critical hit (Impale). Map ----- +----------------------------------------------------+ | ????????????????????????????????????????????? | | ????????????????????????????????????????????? | | ????????????????????????????????????????????? | | ????????????????????????????????????????????? | | ????????????????????????????????????????????? | | ????????????????????????????????????????????? | | ????????????????????????????????????????????? | | ????????????????????????????????????????????? | | ????????????????????????????????????????????? | | ????????????????????????????????????????????? | | ??????????????????????? ????????????????????? | | ????????????????????? ????????????????????? | | ????????????????????? ????????????????????? | | ????????????????????? ???????????????????? | | ?????????????????????? ???????????????????? | | ?????????????????????? ???????????????????? | | ?????????????????????? ???????????????????? | | ??????????????????????# ???????????????????? | | ?????????????????????? ???????????????????? | | ??????????????????????# ???????????????????? | | ??????????????????????# ##?????????????????? | | ??????????????????????# ##????????????????? | | ??????????????????????#^ #????????????????? | | ??????????????????????# #????????????????? | | ??????????????????????# #????????????????? | | ???????????????????????#^@ ##???????????????? | | ???????????????????????## ^ ##??????????????? | | ????????????????????????# #??????????????? | | ????????????????????????# ##??????????????? | | ????????????????????????# #??????????????? | | ????????????????????????# #??????????????? | | ????????????????????????## #??????????????? | | ????????????????????????## ##??????????????? | | ????????????????????????# #???????????????? | | ????????????????????????# ##??????????????? | | ????????????????????????# #??????????????? | | ????????????????????????## #??????????????? | | ????????????????????????## ##??????????????? | | ????????????????????????# #???????????????? | | ??????????????????##????## #???????????????? | | ??????????????????# ????# #???????????????? | | ???????????????##?" ????# ##??????????????? | | ???????????###?# ## ##??## #??????????????? | | ???????????# ## " "##??# #??????????????? | | ????????????# # #### ##??????????????? | | ?????????????# ?# #??????????????? | | ??????????????# # ?# ##??????????????? | | ???????????????# # ### #??????????????? | | ???????????????## # ##?????????????? | | ???????????????# # [&! #?????????????? | +----------------------------------------------------+ Best States ------------- Heat Dissipation 25 Energy Generation 10 Energy Capacity 250 Matter Stores 400 Matter Capacity 400 Sight Range 16 Terrain Scan Density 10 Armor Coverage 150 Evasion (%) 55 Recoil Reduction 2 Item Schematics ----------------- None Robot Schematics ------------------ None Fabricated ------------ Nothing Repaired ---------- Nothing Alien Tech Used ----------------- None Achievements -------------- None Challenges ------------ None Game ------ Seed Understand Manual? 1 Play Time 00:10:00 Cumulative 8.4 hours Start 2025.05.10 @ 21:20:05 End 2025.05.10 @ 21:29:51 Sessions 1 Manual Loads 0 Difficulty Rogue Special Mode None Game No. 20 Rogue 20 Adventurer 0 Explorer 0 Win Type - Total 0 Types 0/0/0/0/0/0/0/0/0/0 Lore% 10 Gallery% 13 Achievement% 12 Wizard Run 0 Options --------- Layout 1 ASCII 0 Keyboard 0 Movement Mouse Keybinds 0 Fullscreen 1 Font 16/SmallcapsGlow Map View 50x40 Zoom Use 0% Tactical HUD 0 Map Filters NONE Filters NONE Steam SD RUN: f64c5657-7bef-4523-8f1d-d15e1da3d95c